 Dungeon Crawl Stone Soup version 0.24-b1-48-gd9db55c (webtiles) character file.

Game seed: 15981375616213277276, levelgen mode: deterministic

37 Fang the Skirmisher (level 3, -3/36 HPs)
             Began as a Gargoyle Berserker on Oct 24, 2019.
             Was a Follower of Trog.
             Slain by a hobgoblin (4 damage)
             ... on level 2 of the Dungeon.
             The game lasted 00:00:51 (1093 turns).

Fang the Skirmisher (Gargoyle Berserker)            Turns: 1093, Time: 00:00:52

Health: -3/36      AC:  5    Str: 26    XL:     3   Next: 39%
Magic:  3/3        EV: 12    Int:  7    God:    Trog [*.....]
Gold:   59         SH:  0    Dex:  9    Spells: 2/2 levels left

rFire    . . .     SeeInvis .   a - +0 hand axe
rCold    . . .     Gourm    .   (no shield)
rNeg     + . .     Faith    .   b - +0 animal skin
rPois    ∞         Spirit   .   (no helmet)
rElec    +         Reflect  .   (no cloak)
rCorr    .         Harm     .   (no gloves)
MR       .....                  (no boots)
Stlth    ..........             (no amulet)
HPRegen  0.12/turn              (no ring)
MPRegen  0.08/turn              (no ring)

@: berserking, very quick
A: negative energy resistance 1, electricity resistance, unbreathing,
petrification resistance, rot immunity, AC +3
a: Berserk, Renounce Religion


You were on level 2 of the Dungeon.
You worshipped Trog.
Trog was aware of your devotion.
You were very hungry.

You visited 1 branch of the dungeon, and saw 2 of its levels.

You collected 59 gold pieces.

Inventory:

Hand Weapons
 a - a +0 hand axe (weapon)
Armour
 b - a +0 animal skin (worn)
Scrolls
 e - a scroll of amnesia {unknown}
 g - a scroll of teleportation {unknown}
 i - a scroll of magic mapping {unknown}
Potions
 d - 2 potions of heal wounds {unknown}
 f - a potion of flight {unknown}
 j - a potion of degeneration {unknown}
Comestibles
 c - 3 rations
 h - 6 chunks of flesh


   Skills:
 + Level 3.7 Fighting
 + Level 3.0 Axes
 + Level 2.7 Armour
 + Level 2.0 Dodging


You had 2 spell levels left.
You didn't know any spells.
Your spell library was empty.

Dungeon Overview and Level Annotations

Branches:
Dungeon (2/15)

Altars:


Innate Abilities, Weirdness & Mutations

You are resistant to torment.
Your stone body is resilient. (AC +3)
You are immune to poison.
You resist negative energy. (rN+)
You are resistant to electric shocks. (rElec)
You can survive without breathing.
You are immune to petrification.
You are immune to rotting.


Message History

You are too injured to fight recklessly!
You are too injured to fight recklessly!
You are too injured to fight recklessly!
You are too injured to fight recklessly!
You are too injured to fight recklessly!
You are too injured to fight recklessly!
You are too injured to fight recklessly!
A red film seems to cover your vision as you go berserk!
You feel yourself moving faster!
You feel mighty!
You are feeling very hungry.
The hobgoblin hits you but does no damage.
The worm bites you!
* * * LOW HITPOINT WARNING * * *
You slash the worm!
The worm is severely wounded.
You closely miss the hobgoblin. You barely miss the worm.
The worm is severely wounded.
You closely miss the hobgoblin. The hobgoblin hits you.
You die...

#..# #.. #. #..# .. #.
#..######## #.# #.#
#.........# #..
#.####.##.....# #..
#.............#
#!.##...##.##.....#
#..w#..........<#.#
#####.#@#....#.####.#.#
.....).g#....#.# #.#.#
.....^..#....#.# #.#.#
........=....#.# #.#
.......#......... ..#
#####.##....##.## ###
... .....# ..<
..........# ###
...?%..#.###


You could see a worm and a hobgoblin.

Vanquished Creatures
  A gnoll (D:1)
  2 leopard geckos (D:1)
  3 giant cockroaches (D:1)
  6 hobgoblins (D:1)
  2 bats (D:1)
  3 frilled lizards (D:1)
  A kobold (D:1)
  8 rats (D:1)
26 creatures vanquished.

Notes
Turn   | Place    | Note
-------+----------+-------------------------------------------
     0 | D:1      | Fang the Gargoyle Berserker began the quest for the Orb.
     0 | D:1      | Reached XP level 1. HP: 14/14 MP: 1/1
   100 | D:1      | Reached XP level 2. HP: 14/19 MP: 2/2
   483 | D:1      | HP: 1/28 [gnoll/+0 spear (2)]
   484 | D:1      | Reached XP level 3. HP: 2/24 MP: 3/3
  1091 | D:2      | HP: 1/36 [worm (7)]
  1093 | D:2      | Slain by a hobgoblin

Skill      XL: |  1  2 |
---------------+-------+-----
Axes           | 3 |  3.0
Dodging        | 2 |  2.0
Fighting       | |  3.7
Armour         | |  2.7

Action                   || total
-------------------------++-------
Melee: Hand axe          ||    85
Invok: Berserk           ||     3
  Eat: Chunk             ||     2
Armor: Animal skin       ||    27
Dodge: Dodged            ||    65
